 Dungeon Crawl Stone Soup version 0.21.1-1-g345015fe64 (webtiles) character file.

49 Faustar the Insei (level 3, 0/27 HPs)
             Began as a Demigod Transmuter on Feb 14, 2018.
             Slain by an adder (1 damage)
             ... on level 2 of the Dungeon.
             The game lasted 00:01:43 (1399 turns).

Faustar the Insei (Demigod Transmuter)              Turns: 1399, Time: 00:01:43

Health: 0/27       AC:  2    Str: 15    XL:     3   Next: 32%
Magic:  8/8        EV: 12    Int: 17    God:
Gold:   77         SH:  0    Dex: 16    Spells: 4/5 levels left

rFire    . . .     SeeInvis .     - Unarmed
rCold    . . .     Gourm    .   (no shield)
rNeg     . . .     Faith    .   b - +0 robe
rPois    .         Spirit   .   (no helmet)
rElec    .         Reflect  .   (no cloak)
rCorr    .         Harm     .   (no gloves)
MR       .....                  (no boots)
Stlth    +.........             (no amulet)
HPRegen  0.09/turn              (no ring)
MPRegen  0.11/turn              (no ring)

@: lethally poisoned (0 -> -1)
A: high mp 1
a: no special abilities


You were on level 2 of the Dungeon.
You were hungry.

You visited 1 branch of the dungeon, and saw 2 of its levels.

You collected 77 gold pieces.

Inventory:

Missiles
 a - 12 arrows
Armour
 b - a +0 robe (worn)
Jewellery
 h - an uncursed ring of protection from magic {unknown}
 k - an uncursed amulet of rage {unknown}
Scrolls
 e - 2 scrolls of teleportation {unknown}
 f - 3 scrolls of identify {unknown}
 g - 2 scrolls of blinking {unknown}
 i - a scroll of remove curse {unknown}
 j - a scroll of noise {unknown}
Books
 c - a book of Changes

   Spells                             Type                      Level
   a - Beastly Appendage              Transmutation                1
   b - Sticks to Snakes               Transmutation                2
   c - Spider Form                    Transmutation/Poison         3
   d - Ice Form                       Ice/Transmutation            4
   e - Blade Hands                    Transmutation                5
Comestibles
 d - 2 rations


   Skills:
 - Level 0.8 Fighting
 - Level 1.7 Dodging
 + Level 4.2 Unarmed Combat
 - Level 1.7 Spellcasting
 - Level 1.7 Transmutations


You had 4 spell levels left.
You knew the following spells:

 Your Spells              Type           Power        Failure   Level  Hunger
a - Beastly Appendage     Tmut           #.....       10%         1    #......


Dungeon Overview and Level Annotations

Branches:
Dungeon (2/15)


Innate Abilities, Weirdness & Mutations

You have an increased reservoir of magic. (+10% MP)


Message History

You miss the adder. The adder bites you.
* * * LOW HITPOINT WARNING * * *
You miss the adder.
Your horns disappear.
The adder closely misses you. The adder bites you.
* * * LOW HITPOINT WARNING * * *
You aren't carrying any potions.
You miss the adder.
* * * LOW HITPOINT WARNING * * *
You feel sick. The adder barely misses you.
You barely miss the adder. The adder closely misses you.
You barely miss the adder. The adder misses you.
You hit the adder.
The adder is moderately wounded.
The adder bites you but does no damage.
You hit the adder.
The adder is severely wounded.
* * * LOW HITPOINT WARNING * * *
You feel sick. The adder closely misses you. The adder bites you.
You die...

#.....### ####........
#......... .
#.###.......##.#
..............#
.#.###.......##.#
..................
...#.####.#S#..##.##
#.##...#.....%#@#..#
..............#.#..##
.#....................
.#......#.............
........#........##....
#.......#.#.#....# ...
#................# ..
#..<..#.#.#.#...># ..
###.(.............#


You could see an adder.

Vanquished Creatures
  2 adders (D:2)
  An ooze (D:2)
  A worm (D:2)
  A dart slug (D:1)
  A giant cockroach (D:1)
  5 goblins
  2 hobgoblins (D:1)
  3 kobolds (D:1)
  2 bats (D:1)
  2 frilled lizards (D:1)
  5 rats
25 creatures vanquished.

Notes
Turn   | Place    | Note
-------+----------+-------------------------------------------
     0 | D:1      | Faustar the Demigod Transmuter began the quest for the Orb.
     0 | D:1      | Reached XP level 1. HP: 15/15 MP: 5/5
    66 | D:1      | Reached skill level 3 in Unarmed Combat
   222 | D:1      | Reached XP level 2. HP: 22/22 MP: 7/7
   933 | D:2      | Found a burning altar of Makhleb.
   939 | D:1      | You fall through a shaft!
  1093 | D:2      | Reached XP level 3. HP: 12/27 MP: 8/8
  1373 | D:2      | Reached skill level 4 in Unarmed Combat
  1399 | D:2      | HP: 1/27 [poisoned by an adder]
  1399 | D:2      | Slain by an adder

Skill      XL: |  1  2  3 |
---------------+----------+-----
Unarmed Combat | 3 4 |  4.2
Fighting       | |  0.8
Dodging        | |  1.7
Spellcasting   | |  1.7
Transmutations | |  1.7

Action                   || total
-------------------------++-------
Melee: Unarmed           ||    92
       Headbutt          ||     8
       Kick              ||     9
       Punch             ||     1
 Cast: Beastly Appendage ||    14
  Eat: Chunk             ||     1
Armor: Robe              ||    22
Dodge: Dodged            ||    55
